Map: Ley Lines

Players

FrankyR

  • Race: Protoss Protoss
  • League: Master
  • Spawn Location: 1:00

wootwoot - Winner!

  • Race: Zerg Zerg
  • League: Diamond
  • Spawn Location: 7:00

VOD

Have the link to the VOD?

Description

Time

  • Played on: April 23, 2025, 6:43 a.m.
  • Length: 4:30
Show
View Real Time Build Order
Export as new Build Order

FrankyR Protoss 

Build Orders: Forge Fast Expand (FFE) 

Get SALT Encoding   

  12  0:00  Probe  
  13  0:12  Probe  
  14  0:20  Pylon  
  14  0:25  Probe  
  15  0:36  Probe  
  16  0:44  Probe  
  16  0:49  Forge  
  17  0:52  Probe  
  18  0:57  Pylon  
  18  1:04  Probe  
  19  1:16  Probe  
  20  1:28  Nexus  
  20  1:32  Probe  
  20  1:41  Gateway  
  20  1:44  Probe  
  21  1:51  Pylon  
  21  1:57  Assimilator  
  21  1:58  Probe  
  22  2:04  Assimilator  
  22  2:11  Photon Cannon  
  22  2:14  Probe  
  23  2:26  Probe  
  24  2:32  Cybernetics Core  
  24  2:38  Probe  
  24  2:40  Probe  
  26  2:50  Probe  
  27  2:53  Probe  
  28  3:02  Probe, Pylon  
  28  3:05  Probe  
  30  3:06  Assimilator  
  30  3:09  Stalker  
  32  3:14  Probe  
  32  3:17  Probe  
  34  3:21  Stargate  
  34  3:24  Shield Battery  
  34  3:27  Probe  
  34  3:29  Probe  
  36  3:39  Probe  
  36  3:41  Probe  
  38  3:44  Pylon  
  38  3:52  Probe  
  38  3:53  Probe  
  43  4:14  Photon Cannon  
  43  4:15  Pylon  
Show
View Real Time Build Order
Export as new Build Order

wootwoot Zerg - Winner!

Build Orders: Hatch First 

Get SALT Encoding   

  12  0:00  Drone  
  13  0:13  Overlord  
  13  0:17  Drone  
  14  0:31  Drone x2  
  16  0:46  Hatchery  
  15  0:50  Drone  
  15  0:56  Drone  
  17  1:00  Drone  
  18  1:08  Drone  
  19  1:12  Extractor  
  19  1:18  Drone  
  19  1:37  Spawning Pool  
  18  1:42  Drone  
  19  1:47  Drone  
  20  1:55  Overlord  
  20  2:24  Metabolic Boost  
  20  2:25  Queen  
  20  2:26  Queen  
  25  2:30  Zergling x4  
  25  2:36  Zergling x2  
  27  2:37  Zergling x2  
  28  2:44  Baneling Nest  
  28  2:47  Zergling x2  
  28  2:49  Zergling x2  
  29  2:54  Zergling x2  
  30  2:59  Overlord  
  30  3:05  Zergling x2  
  31  3:07  Zergling x2  
  31  3:09  Zergling x2  
  31  3:12  Zergling x2  
  34  3:15  Zergling x2  
  35  3:22  Zergling x2  
  35  3:25  Zergling x2  
  37  3:33  Zergling x2  
  38  3:36  Zergling x6  
  41  3:50  Zergling x2  
  41  3:53  Zergling x4  
  41  3:54  Zergling x2  
  44  3:57  Baneling  
  44  3:58  Baneling x5  
Tags
 
Add a new tag
Caveats
  • Supply blocks, unpowered buildings, or Contaminate may cause inaccurate times.
  • Supply counts are checked every 10 seconds.